3AA
RICHLAND RAILS @ VIRGINIA BEACH DEUCES
05/06/2025
 
TOP OF THE 1ST
Richland Rails batting - Pitching for Virginia Beach Deuces : RHP Jim Unknown
Pitching: RHP Jim Unknown
Batting: SHB Jasper Otto 0-0: Called Strike
0-1: Ball
1-1: Ball
2-1: Ball
3-1: Base on Balls
Batting: RHB Adrian Rodgers 0-0: SINGLE (Line Drive, 8RM)
Jasper Otto to second
Batting: RHB Justin MacPherson 0-0: Foul Ball, location: 2F
0-1: Ball
1-1: Foul Ball, location: 2F
1-2: Ball
2-2: Ball
3-2: Foul Ball, location: 2F
3-2: Base on Balls
Jasper Otto to third
Adrian Rodgers to second
Batting: RHB Jung-hwan Kwon 0-0: Ball
1-0: Ball
2-0: Swinging Strike
2-1: Ball
3-1: Foul Ball, location: 2F
3-2: SINGLE (Flyball, 8LS)
Jasper Otto scores
Adrian Rodgers to third
Justin MacPherson to second
Batting: RHB Roberto Ríos 0-0: Foul Ball, location: 2F
0-1: Ball
1-1: Swinging Strike
1-2: Ball
2-2: Foul Ball, location: 2F
2-2: Ball
3-2: Base on Balls
Adrian Rodgers scores
Justin MacPherson to third
Jung-hwan Kwon to second
Batting: LHB Jorge Greenbaum 0-0: Ball
1-0: Foul Ball, location: 2F
1-1: Swinging Strike
1-2: Ball
2-2: Foul Ball, location: 2F
2-2: Fly out, F2 (Popup, 23)
Batting: RHB Ralph Gilbert 0-0: Fly out, F8 (Flyball, 8RM)
Runner from 3rd tags up, SCORES, no throw
Batting: RHB Vicente Cruz 0-0: Foul Ball, location: 2F
0-1: Foul Ball, location: 2F
0-2: Foul Ball, location: 2F
0-2: Foul Ball, location: 2F
0-2: Foul Ball, location: 2F
0-2: Fly out, F7 (Line Drive, 78D)
Top of the 1st over - 3 run(s), 2 hit(s), 0 error(s), 2 left on base; Richland 3 - Virginia Beach 0
BOTTOM OF THE 1ST
Virginia Beach Deuces batting - Pitching for Richland Rails : RHP Maxwell Simon
Pitching: RHP Maxwell Simon
Batting: RHB Robert Emmet Odlum 0-0: Ground out 6-3 (Groundball, 6)
Batting: LHB Curt Wilson 0-0: Ball
1-0: Ball
2-0: Swinging Strike
2-1: Foul Ball, location: 2F
2-2: Ball
3-2: Strikes out swinging
Batting: SHB Luis Manuel Flores 0-0: Ball
1-0: Foul Ball, location: 2F
1-1: Ball
2-1: Fly out, F7 (Flyball, 7)
Bottom of the 1st over - 0 run(s), 0 hit(s), 0 error(s), 0 left on base; Richland 3 - Virginia Beach 0
TOP OF THE 2ND
Richland Rails batting - Pitching for Virginia Beach Deuces : RHP Jim Unknown
Batting: RHB Júlio Hernández 0-0: Called Strike
0-1: Ball
1-1: Ground out 1-3 (Groundball, 13S)
Batting: SHB Jasper Otto 0-0: Ground out U3 (Groundball, 34)
Batting: RHB Adrian Rodgers 0-0: Ball
1-0: Ball
2-0: Called Strike
2-1: Ball
3-1: Base on Balls
Batting: RHB Justin MacPherson 0-0: Ball
1-0: Called Strike
1-1: Ball
2-1: DOUBLE (Line Drive, 78M)
Adrian Rodgers to third
Batting: RHB Jung-hwan Kwon 0-0: Ball
1-0: Swinging Strike
1-1: Fly out, F9 (Flyball, 89S)
Top of the 2nd over - 0 run(s), 1 hit(s), 0 error(s), 2 left on base; Richland 3 - Virginia Beach 0
BOTTOM OF THE 2ND
Virginia Beach Deuces batting - Pitching for Richland Rails : RHP Maxwell Simon
Batting: LHB Scott Janousek 0-0: Called Strike
0-1: Ball
1-1: Swinging Strike
1-2: Ground out 4-3 (Groundball, 4D)
Batting: SHB Carlos Pérez 0-0: DOUBLE (Groundball, 3L)
Batting: RHB Júlio Becerra 0-0: DOUBLE (Line Drive, 78M)
Carlos Pérez scores
Batting: RHB Daniel Ruíz 0-0: Ball
1-0: Called Strike
1-1: Foul Ball, location: 2F
1-2: Foul Ball, location: 2F
1-2: Foul Ball, location: 2F
1-2: Ball
2-2: Ball
3-2: Ground out 4-3 (Groundball, 4)
Júlio Becerra to third
Batting: RHB Oscar Stephens 0-0: Foul Ball, location: 2F
0-1: Ball
1-1: Foul Ball, location: 2F
1-2: Ball
2-2: Ground out 6-3 (Groundball, 6)
Bottom of the 2nd over - 1 run(s), 2 hit(s), 0 error(s), 1 left on base; Richland 3 - Virginia Beach 1
TOP OF THE 3RD
Richland Rails batting - Pitching for Virginia Beach Deuces : RHP Jim Unknown
Batting: RHB Roberto Ríos 0-0: Ball
1-0: Foul Ball, location: 2F
1-1: Called Strike
1-2: Foul Ball, location: 2F
1-2: Fly out, F9 (Flyball, 9LSF)
Batting: LHB Jorge Greenbaum 0-0: Foul Ball, location: 2F
0-1: Called Strike
0-2: Ball
1-2: Fly out, F5 (Popup, 5L)
Batting: RHB Ralph Gilbert 0-0: Fly out, F9 (Line Drive, 9)
Top of the 3rd over - 0 run(s), 0 hit(s), 0 error(s), 0 left on base; Richland 3 - Virginia Beach 1
BOTTOM OF THE 3RD
Virginia Beach Deuces batting - Pitching for Richland Rails : RHP Maxwell Simon
Batting: RHB Harry Freidricks 0-0: Foul Ball, location: 2F
0-1: Fly out, F7 (Flyball, 78S)
Batting: RHB Robert Emmet Odlum 0-0: Called Strike
0-1: Swinging Strike
0-2: Ball
1-2: Foul Ball, location: 2F
1-2: Strikes out swinging
Batting: LHB Curt Wilson 0-0: Ball
1-0: SINGLE (Flyball, 89S)
Batting: SHB Luis Manuel Flores 0-0: Ball
1-0: Called Strike
1-1: Ball
2-1: Ball
3-1: Base on Balls
Curt Wilson to second
Batting: LHB Scott Janousek 0-0: Ball
1-0: Called Strike
1-1: Ball
2-1: Ball
3-1: SINGLE (Groundball, 34D)
Curt Wilson to third
Luis Manuel Flores to second
Runner from 3rd tries for Home, throw and OUT!
Bottom of the 3rd over - 0 run(s), 2 hit(s), 0 error(s), 2 left on base; Richland 3 - Virginia Beach 1
TOP OF THE 4TH
Richland Rails batting - Pitching for Virginia Beach Deuces : RHP Jim Unknown
Batting: RHB Vicente Cruz 0-0: Swinging Strike
0-1: Ball
1-1: Ball
2-1: Called Strike
2-2: Foul Ball, location: 2F
2-2: Foul Ball, location: 2F
2-2: Strikes out swinging
Batting: RHB Júlio Hernández 0-0: Swinging Strike
0-1: Fly out, F7 (Flyball, 7S)
Batting: SHB Jasper Otto 0-0: Foul Ball, location: 2F
0-1: Ball
1-1: Swinging Strike
1-2: Ball
2-2: Ball
3-2: Base on Balls
Batting: RHB Adrian Rodgers 0-0: Ball
1-0: Ball
2-0: Ball
3-0: Called Strike
3-1: Base on Balls
Jasper Otto to second
Batting: RHB Justin MacPherson 0-0: Ball
1-0: Fielders Choice at 2nd, 6-4 (Groundball, 56)
Top of the 4th over - 0 run(s), 0 hit(s), 0 error(s), 1 left on base; Richland 3 - Virginia Beach 1
BOTTOM OF THE 4TH
Virginia Beach Deuces batting - Pitching for Richland Rails : RHP Maxwell Simon
Batting: SHB Carlos Pérez 0-0: Ball
1-0: Ground out 5-3 (Groundball, 56)
Batting: RHB Júlio Becerra 0-0: Swinging Strike
0-1: Swinging Strike
0-2: Ball
1-2: Ball
2-2: Ball
3-2: Foul Ball, location: 2F
3-2: Foul Ball, location: 2F
3-2: Foul Ball, location: 2F
3-2: Base on Balls
Batting: RHB Daniel Ruíz 0-0: Ball
1-0: Ball
Júlio Becerra is caught stealing 2nd base
2-0: Reached on error, E1 (Groundball, P)
Batting: RHB Oscar Stephens 0-0: Ball
1-0: Called Strike
1-1: Swinging Strike
1-2: SINGLE (Line Drive, 7LS)
Daniel Ruíz to second
Batting: RHB Harry Freidricks 0-0: Ball
1-0: Ball
2-0: Ball
3-0: Called Strike
3-1: Foul Ball, location: 2F
3-2: Base on Balls
Daniel Ruíz to third
Oscar Stephens to second
Batting: RHB Robert Emmet Odlum 0-0: Foul Ball, location: 2F
0-1: Foul Ball, location: 2F
0-2: Foul Ball, location: 2F
0-2: Ball
1-2: Fly out, F9 (Flyball, 9)
Bottom of the 4th over - 0 run(s), 1 hit(s), 1 error(s), 3 left on base; Richland 3 - Virginia Beach 1
TOP OF THE 5TH
Richland Rails batting - Pitching for Virginia Beach Deuces : RHP Jim Unknown
Batting: RHB Jung-hwan Kwon 0-0: Ball
1-0: Ball
2-0: Called Strike
2-1: Ball
3-1: Base on Balls
Batting: RHB Roberto Ríos 0-0: Ball
1-0: Foul Ball, location: 2F
1-1: Ball
2-1: Foul Ball, location: 2F
2-2: Foul Ball, location: 2F
2-2: Fielders Choice at 2nd, 4-6 (Groundball, 4)
Batting: LHB Jorge Greenbaum 0-0: Ball
1-0: Ball
2-0: Foul Ball, location: 2F
2-1: Foul Ball, location: 2F
2-2: Fly out, F8 (Flyball, 78S)
Batting: RHB Ralph Gilbert 0-0: Ball
Roberto Ríos is caught stealing 2nd base
Top of the 5th over - 0 run(s), 0 hit(s), 0 error(s), 0 left on base; Richland 3 - Virginia Beach 1
BOTTOM OF THE 5TH
Virginia Beach Deuces batting - Pitching for Richland Rails : RHP Maxwell Simon
Batting: LHB Curt Wilson 0-0: Called Strike
0-1: Foul Ball, location: 2F
0-2: Ground out 1-3 (Groundball, 13S)
Batting: SHB Luis Manuel Flores 0-0: Ball
1-0: Ball
2-0: Ball
3-0: Base on Balls
Batting: LHB Scott Janousek 0-0: Foul Ball, location: 2F
0-1: Foul Ball, location: 2F
0-2: Ball
1-2: Strikes out swinging
Batting: SHB Carlos Pérez 0-0: Called Strike
0-1: Fielders Choice at 2nd, 5-4 (Groundball, 56)
Bottom of the 5th over - 0 run(s), 0 hit(s), 0 error(s), 0 left on base; Richland 3 - Virginia Beach 1
TOP OF THE 6TH
Richland Rails batting - Pitching for Virginia Beach Deuces : RHP Jim Unknown
Batting: RHB Ralph Gilbert 0-0: Ball
1-0: Ball
2-0: Called Strike
2-1: Ground out 1-3 (Groundball, P)
Batting: RHB Vicente Cruz 0-0: Ball
1-0: SINGLE (Groundball, 56D)
Pitching: RHP Lindsay Novak
Batting: RHB Júlio Hernández 0-0: Ground out 5-3 (Groundball, 56S)
Vicente Cruz to second
Batting: SHB Jasper Otto 0-0: Swinging Strike
0-1: Ball
1-1: Foul Ball, location: 2F
1-2: Reached on error, E6 (Groundball, 6)
Vicente Cruz scores
Batting: RHB Adrian Rodgers 0-0: Ball
1-0: Ball
2-0: Ball
3-0: Called Strike
3-1: Foul Ball, location: 2F
3-2: Strikes out looking
Top of the 6th over - 1 run(s), 1 hit(s), 1 error(s), 1 left on base; Richland 4 - Virginia Beach 1
BOTTOM OF THE 6TH
Virginia Beach Deuces batting - Pitching for Richland Rails : RHP Maxwell Simon
Batting: RHB Júlio Becerra 0-0: Ball
1-0: Called Strike
1-1: Called Strike
1-2: Ball
2-2: SINGLE (Line Drive, 8LS)
Batting: RHB Daniel Ruíz 0-0: Ball
1-0: Called Strike
1-1: Bunted foul
1-2: Foul Ball, location: 2F
1-2: Ball
2-2: Fly out, F4 (Flyball, 34D)
Pitching: RHP Luis Bejarano
Batting: RHB Oscar Stephens 0-0: Fly out, F8 (Flyball, 8RM)
Batting: RHB Harry Freidricks 0-0: Fly out, F8 (Flyball, 8RM)
Bottom of the 6th over - 0 run(s), 1 hit(s), 0 error(s), 1 left on base; Richland 4 - Virginia Beach 1
TOP OF THE 7TH
Richland Rails batting - Pitching for Virginia Beach Deuces : RHP Lindsay Novak
Batting: RHB Justin MacPherson 0-0: Ball
1-0: Fly out, F9 (Flyball, 9LM)
Batting: RHB Jung-hwan Kwon 0-0: SINGLE (Groundball, 6MD)
Batting: RHB Roberto Ríos 0-0: Foul Ball, location: 2F
0-1: Swinging Strike
0-2: Ball
Jung-hwan Kwon steals 2nd base
1-2: Ball
2-2: Strikes out looking
Batting: LHB Jorge Greenbaum 0-0: Ball
1-0: Called Strike
1-1: Called Strike
1-2: Ball
2-2: Ball
3-2: Base on Balls
Batting: RHB Ralph Gilbert 0-0: Ball
1-0: Hit by Pitch
Jung-hwan Kwon to third
Jorge Greenbaum to second
Pinch Hitting: LHB Chris Stoltzfus 0-0: Called Strike
0-1: Ball
1-1: Foul Ball, location: 2F
1-2: Ball
2-2: Ball
3-2: Base on Balls
Jung-hwan Kwon scores
Jorge Greenbaum to third
Ralph Gilbert to second
Batting: RHB Júlio Hernández 0-0: Called Strike
0-1: Ball
1-1: Ball
2-1: Fly out, F6 (Line Drive, 56D)
Top of the 7th over - 1 run(s), 1 hit(s), 0 error(s), 3 left on base; Richland 5 - Virginia Beach 1
BOTTOM OF THE 7TH
Virginia Beach Deuces batting - Pitching for Richland Rails : RHP Luis Bejarano
Now in RF: Chris Stoltzfus
Batting: RHB Robert Emmet Odlum 0-0: Ball
1-0: Fly out, F8 (Flyball, 89M)
Batting: LHB Curt Wilson 0-0: Ground out 4-3 (Groundball, 4)
Batting: SHB Luis Manuel Flores 0-0: Foul Ball, location: 2F
0-1: Ball
1-1: Ball
2-1: Ground out 6-3 (Groundball, 6M)
Bottom of the 7th over - 0 run(s), 0 hit(s), 0 error(s), 0 left on base; Richland 5 - Virginia Beach 1
TOP OF THE 8TH
Richland Rails batting - Pitching for Virginia Beach Deuces : RHP Lindsay Novak
Batting: SHB Jasper Otto 0-0: Foul Ball, location: 2F
0-1: Ball
1-1: Foul Ball, location: 2F
1-2: Strikes out looking
Batting: RHB Adrian Rodgers 0-0: Swinging Strike
0-1: Called Strike
0-2: Ball
1-2: Ground out 4-3 (Groundball, 34D)
Batting: RHB Justin MacPherson 0-0: Ball
1-0: Foul Ball, location: 2F
1-1: Swinging Strike
1-2: Ball
2-2: Ball
3-2: Foul Ball, location: 2F
3-2: SINGLE (Line Drive, 6MD)
Batting: RHB Jung-hwan Kwon 0-0: Called Strike
0-1: Foul Ball, location: 2F
0-2: Foul Ball, location: 2F
0-2: Strikes out looking
Top of the 8th over - 0 run(s), 1 hit(s), 0 error(s), 1 left on base; Richland 5 - Virginia Beach 1
BOTTOM OF THE 8TH
Virginia Beach Deuces batting - Pitching for Richland Rails : RHP Luis Bejarano
Batting: LHB Scott Janousek 0-0: Called Strike
0-1: Ball
1-1: SINGLE (Groundball, 34D)
Batting: SHB Carlos Pérez 0-0: Ball
1-0: Foul Ball, location: 2F
1-1: Ball
2-1: Ball
3-1: Base on Balls
Scott Janousek to second
Batting: RHB Júlio Becerra 0-0: Grounds into double play, 6-4-3 (Groundball, 6)
Scott Janousek to third
Batting: RHB Daniel Ruíz 0-0: Ball
1-0: Ball
2-0: SINGLE (Line Drive, 9LM)
Scott Janousek scores
Batting: RHB Oscar Stephens 0-0: Ball
1-0: Ball
2-0: Ground out 5-3 (Groundball, 56S)
Bottom of the 8th over - 1 run(s), 2 hit(s), 0 error(s), 1 left on base; Richland 5 - Virginia Beach 2
TOP OF THE 9TH
Richland Rails batting - Pitching for Virginia Beach Deuces : RHP Lindsay Novak
Batting: RHB Roberto Ríos 0-0: Swinging Strike
0-1: Ball
1-1: Called Strike
1-2: Foul Ball, location: 2F
1-2: Ball
2-2: Strikes out looking
Batting: LHB Jorge Greenbaum 0-0: Swinging Strike
0-1: Ball
1-1: Ball
2-1: Swinging Strike
2-2: Ball
3-2: Foul Ball, location: 2F
3-2: Strikes out swinging
Batting: RHB Ralph Gilbert 0-0: Ball
1-0: Foul Ball, location: 2F
1-1: Reached on error, E5 (Groundball, 5)
Batting: LHB Chris Stoltzfus 0-0: Called Strike
0-1: Ball
1-1: Fielders Choice at 2nd, 4-6 (Groundball, 4)
Top of the 9th over - 0 run(s), 0 hit(s), 1 error(s), 0 left on base; Richland 5 - Virginia Beach 2
BOTTOM OF THE 9TH
Virginia Beach Deuces batting - Pitching for Richland Rails : RHP Luis Bejarano
Pitching: LHP An Jang-Yop
Batting: RHB Harry Freidricks 0-0: Ball
1-0: Foul Ball, location: 2F
1-1: Fly out, F9 (Flyball, 9S)
Batting: RHB Robert Emmet Odlum 0-0: SINGLE (Flyball, 8LS)
Batting: LHB Curt Wilson 0-0: Ball
1-0: Swinging Strike
1-1: SINGLE (Groundball, 4MD)
Robert Emmet Odlum to second
Runner from 2nd tries for 3rd, SAFE, no throw
Batting: SHB Luis Manuel Flores 0-0: Ball
1-0: Swinging Strike
1-1: Called Strike
1-2: Ball
2-2: Ball
3-2: Base on Balls
Curt Wilson to second
Pinch Hitting: RHB Armando García 0-0: Ball
1-0: Ball
2-0: Ball
3-0: Foul Ball, location: 2F
3-1: Swinging Strike
3-2: Base on Balls
Robert Emmet Odlum scores
Curt Wilson to third
Luis Manuel Flores to second
Batting: SHB Carlos Pérez 0-0: Swinging Strike
0-1: Foul Ball, location: 2F
0-2: Strikes out looking
Batting: RHB Júlio Becerra 0-0: Ball
1-0: Ball
2-0: Called Strike
2-1: SINGLE (Groundball, 56D)
Curt Wilson scores
Luis Manuel Flores to third
Armando García to second
Runner from 3rd tries for Home, SAFE, no throw
Pitching: RHP Jim Unknown
Pinch Hitting: LHB John Cossey 0-0: Ground out U3 (Groundball, 3L)
Bottom of the 9th over - 3 run(s), 3 hit(s), 0 error(s), 2 left on base; Richland 5 - Virginia Beach 5
TOP OF THE 10TH
Richland Rails batting - Pitching for Virginia Beach Deuces : RHP Lindsay Novak
Pitching: RHP Olegário Pa
Now at 2B: Armando García
Now in LF: John Cossey
Pinch Hitting: RHB Kazu Hishida 0-0: Ball
1-0: Fly out, F9 (Flyball, 9LS)
Batting: SHB Jasper Otto 0-0: Ground out U3 (Groundball, 34S)
Batting: RHB Adrian Rodgers 0-0: Swinging Strike
0-1: Hit by Pitch
Pinch Runner at 1st Bernardo Cruz:
Batting: RHB Justin MacPherson 0-0: Called Strike
0-1: Fly out, F7 (Flyball, 7)
Top of the 10th over - 0 run(s), 0 hit(s), 0 error(s), 1 left on base; Richland 5 - Virginia Beach 5
BOTTOM OF THE 10TH
Virginia Beach Deuces batting - Pitching for Richland Rails : RHP Jim Unknown
Now at C: Jack Davis
Now in CF: Bernardo Cruz
Pinch Hitting: LHB Jim Unknown 0-0: Foul Ball, location: 2F
0-1: Ball
1-1: Foul Ball, location: 2F
1-2: Ball
2-2: Ball
3-2: Strikes out swinging
Pinch Hitting: RHB Zander Bailey 0-0: Swinging Strike
0-1: Swinging Strike
0-2: Strikes out swinging
Pinch Hitting: RHB Wilson Pérez 0-0: Called Strike
0-1: Foul Ball, location: 2F
0-2: Ball
1-2: SINGLE (Groundball, 6MD)
Batting: LHB Curt Wilson 0-0: Foul Ball, location: 2F
0-1: Foul Ball, location: 2F
0-2: Ball
1-2: Foul Ball, location: 2F
1-2: Strikes out looking
Bottom of the 10th over - 0 run(s), 1 hit(s), 0 error(s), 1 left on base; Richland 5 - Virginia Beach 5
TOP OF THE 11TH
Richland Rails batting - Pitching for Virginia Beach Deuces : RHP Olegário Pa
Now at SS: Zander Bailey
Now in LF: Wilson Pérez
Now in RF: Jim Unknown
Batting: RHB Jung-hwan Kwon 0-0: Swinging Strike
0-1: Swinging Strike
0-2: Ball
1-2: Ground out 6-3 (Groundball, 6M)
Batting: RHB Roberto Ríos 0-0: Called Strike
0-1: Ball
1-1: Swinging Strike
1-2: SINGLE (Groundball, 25) (infield hit)
Batting: LHB Jorge Greenbaum 0-0: Called Strike
0-1: Ball
1-1: Ball
2-1: Fly out, F7 (Flyball, 7LMF)
Pinch Hitting: RHB Francisco Avelleyra 0-0: Ball
Roberto Ríos steals 2nd base
1-0: Ball
2-0: Ball
3-0: Called Strike
3-1: Ground out 5-3 (Groundball, 56S)
Top of the 11th over - 0 run(s), 1 hit(s), 0 error(s), 1 left on base; Richland 5 - Virginia Beach 5
BOTTOM OF THE 11TH
Virginia Beach Deuces batting - Pitching for Richland Rails : RHP Jim Unknown
Now at 1B: Larry Brown
Batting: SHB Luis Manuel Flores 0-0: Called Strike
0-1: Fly out, F8 (Line Drive, 8RM)
Batting: RHB Armando García 0-0: Ball
1-0: Called Strike
1-1: Ball
2-1: Ball
3-1: Called Strike
3-2: Ground out 6-3 (Groundball, 6)
Batting: SHB Carlos Pérez 0-0: Foul Ball, location: 2F
0-1: Called Strike
0-2: Ball
1-2: Ball
2-2: Ball
3-2: Foul Ball, location: 2F
3-2: Foul Ball, location: 2F
3-2: Foul Ball, location: 2F
3-2: Base on Balls
Pitching: RHP Rick Kennedy
Batting: RHB Júlio Becerra 0-0: SINGLE (Groundball, 34D)
Carlos Pérez to second
Runner from 2nd tries for 3rd, SAFE, throw made to third
Batting: LHB John Cossey 0-0: Ball
1-0: Fielders Choice at 2nd, 4-6 (Groundball, 4)
Bottom of the 11th over - 0 run(s), 1 hit(s), 0 error(s), 1 left on base; Richland 5 - Virginia Beach 5
TOP OF THE 12TH
Richland Rails batting - Pitching for Virginia Beach Deuces : RHP Olegário Pa
Pitching: RHP Jim Unknown
Batting: LHB Chris Stoltzfus 0-0: Called Strike
0-1: Fly out, F8 (Line Drive, 8RM)
Batting: RHB Jack Davis 0-0: Swinging Strike
0-1: Ball
1-1: Foul Ball, location: 2F
1-2: Foul Ball, location: 2F
1-2: Strikes out swinging
Batting: SHB Jasper Otto 0-0: Foul Ball, location: 2F
0-1: Foul Ball, location: 2F
0-2: Foul Ball, location: 2F
0-2: SINGLE (Groundball, 34D)
Pinch Hitting: RHB Trent Burch 0-0: Called Strike
0-1: Called Strike
0-2: Ball
1-2: Strikes out looking
Top of the 12th over - 0 run(s), 1 hit(s), 0 error(s), 1 left on base; Richland 5 - Virginia Beach 5
BOTTOM OF THE 12TH
Virginia Beach Deuces batting - Pitching for Richland Rails : RHP Rick Kennedy
Now in CF: Trent Burch
Batting: LHB Jim Unknown 0-0: Ground out 6-3 (Groundball, 6)
Batting: RHB Zander Bailey 0-0: Ball
1-0: Foul Ball, location: 2F
1-1: Foul Ball, location: 2F
1-2: Foul Ball, location: 2F
1-2: Strikes out swinging
Batting: RHB Wilson Pérez 0-0: Ball
1-0: Called Strike
1-1: Ball
2-1: Ball
3-1: Swinging Strike
3-2: Foul Ball, location: 2F
3-2: Base on Balls
Batting: LHB Curt Wilson 0-0: Called Strike
0-1: Ball
1-1: Ball
2-1: Ball
3-1: Foul Ball, location: 2F
3-2: Strikes out swinging
Bottom of the 12th over - 0 run(s), 0 hit(s), 0 error(s), 1 left on base; Richland 5 - Virginia Beach 5
TOP OF THE 13TH
Richland Rails batting - Pitching for Virginia Beach Deuces : RHP Jim Unknown
Batting: RHB Justin MacPherson 0-0: Ball
1-0: Fly out, F7 (Flyball, 7LM)
Batting: RHB Jung-hwan Kwon 0-0: Called Strike
0-1: Ball
1-1: Ball
2-1: Ball
3-1: Called Strike
3-2: Foul Ball, location: 2F
3-2: Base on Balls
Batting: RHB Roberto Ríos 0-0: Called Strike
0-1: Ball
1-1: Called Strike
1-2: Ball
2-2: Strikes out looking
Batting: LHB Jorge Greenbaum 0-0: Ball
1-0: Called Strike
1-1: Swinging Strike
1-2: Ball
2-2: Strikes out looking
Top of the 13th over - 0 run(s), 0 hit(s), 0 error(s), 1 left on base; Richland 5 - Virginia Beach 5
BOTTOM OF THE 13TH
Virginia Beach Deuces batting - Pitching for Richland Rails : RHP Rick Kennedy
Batting: SHB Luis Manuel Flores 0-0: Swinging Strike
0-1: Called Strike
0-2: Hit by Pitch
Batting: RHB Armando García 0-0: Ball
1-0: Called Strike
1-1: Fly out, F7 (Line Drive, 7)
Batting: SHB Carlos Pérez 0-0: Ball
1-0: Ball
2-0: Fielders Choice at 2nd, 3-6 (Groundball, 3)
Batting: RHB Júlio Becerra 0-0: Called Strike
0-1: Ground out 5-3 (Groundball, 56S)
Bottom of the 13th over - 0 run(s), 0 hit(s), 0 error(s), 1 left on base; Richland 5 - Virginia Beach 5
TOP OF THE 14TH
Richland Rails batting - Pitching for Virginia Beach Deuces : RHP Jim Unknown
Pitching: RHP Ronaldo Baghina
Batting: RHB Larry Brown 0-0: Ball
1-0: Called Strike
1-1: Foul Ball, location: 2F
1-2: Ball
2-2: Strikes out swinging
Batting: LHB Chris Stoltzfus 0-0: Ball
1-0: Ball
2-0: Ball
3-0: Called Strike
3-1: Base on Balls
Batting: RHB Jack Davis 0-0: Ball
1-0: Ball
2-0: Fly out, F6 (Popup, 6M)
Batting: SHB Jasper Otto 0-0: Ball
1-0: Foul Ball, location: 2F
1-1: Ball
2-1: DOUBLE (Line Drive, 78S)
Chris Stoltzfus to third
Runner from 3rd tries for Home, SAFE, no throw
Batting: RHB Trent Burch 0-0: Foul Ball, location: 2F
0-1: Swinging Strike
0-2: Strikes out swinging
Top of the 14th over - 1 run(s), 1 hit(s), 0 error(s), 1 left on base; Richland 6 - Virginia Beach 5
BOTTOM OF THE 14TH
Virginia Beach Deuces batting - Pitching for Richland Rails : RHP Rick Kennedy
Batting: LHB John Cossey 0-0: Ball
1-0: Ball
2-0: Ball
3-0: Called Strike
3-1: Called Strike
3-2: Base on Balls
Batting: LHB Jim Unknown 0-0: Bunted foul
0-1: Bunt missed!
0-2: Ball
1-2: Foul Ball, location: 2F
1-2: Ground out U3 (Groundball, 3)
John Cossey to second
Batting: RHB Zander Bailey 0-0: Fly out, F8 (Flyball, 8LXD)
Runner from 2nd tags up, SAFE at 3rd, no throw
Batting: RHB Wilson Pérez 0-0: Ball
1-0: Called Strike
1-1: Fly out, F7 (Line Drive, 7)
Bottom of the 14th over - 0 run(s), 0 hit(s), 0 error(s), 1 left on base; Richland 6 - Virginia Beach 5
Friday, December 30th, 2016 - OOTP Baseball 17.12 Build 75